 Dungeon Sprint DCSS version 0.30-a0-305-g026cb31310 (webtiles) character file.

Game seed: 17316926769454652106

2324 garrulousMonolith the Spear-Bearer (level 9, -4/75 HPs)
             Began as a Demonspawn Fighter on Oct 22, 2022.
             Was a Believer of Yredelemnul.
             Slain by a spriggan
             ... wielding a +2 short sword of holy wrath
              (8 damage)
             ... in the Dungeon (Sprint VII: "The Pits").
             The game lasted 00:06:05 (1514 turns).

garrulousMonolith the Spear-Bearer (DsFi)           Turns: 1514, Time: 00:06:06

Health: -4/75      AC: 13    Str: 17    XL:     9   Next: 19%
Magic:  15/16      EV: 10    Int: 14    God:    Yredelemnul [**....]
Gold:   0          SH:  6    Dex: 12    Spells: 8/8 levels left

rFire   . . .      SeeInvis .    k - +2 trident
rCold   . . .      Faith    .    c - +0 buckler
rNeg    . . .      Spirit   .    l - +0 plate armour
rPois   .          Reflect  .    (helmet restricted)
rElec   .          Harm     .    (no cloak)
rCorr   .          Rampage  .    (no gloves)
Will    .....      NoTele   +    (no boots)
Stlth   ..........               (no amulet)
HPRegen 0.32/turn                j - +3 ring of evasion
MPRegen 0.15/turn                (no ring)

@: no status effects
A: horns 2, demonic guardian 1
a: Renounce Religion, Recall Undead Harvest, Dark Bargain


You were in the Dungeon.
You worshipped Yredelemnul.
Yredelemnul was aware of your devotion.
You visited 1 branch

Inventory:

Hand Weapons
 k - a +2 trident (weapon)
 t - a +1 dagger of venom
 x - a +2 halberd of venom
 y - a +2 rapier of electrocution
Armour
 b - a +0 scale mail
 c - a +0 buckler (worn)
 l - a +0 plate armour (worn)
 r - a +3 chain mail
 v - a +0 pair of boots
 w - a +0 cloak
Jewellery
 j - a +3 ring of evasion (left hand)
 u - a +3 ring of intelligence
Wands
 d - a wand of flame (17)
Scrolls
 m - 5 scrolls of amnesia
 n - a scroll of summoning
 o - 2 scrolls of vulnerability
Potions
 e - 5 potions of curing
 g - 3 potions of haste
 h - 4 potions of magic
 i - a potion of berserk rage
 s - 8 potions of heal wounds
 z - a potion of mutation


   Skills:
 + Level 8.6 Fighting
 * Level 10.6 Polearms
 + Level 7.9 Armour
 + Level 7.2 Dodging
 + Level 8.0 Shields
 + Level 10.3 Invocations


You had 8 spell levels left.
You didn't know any spells.
Your spell library was empty.

Dungeon Overview and Level Annotations

Branches:
Dungeon (1/1)

Altars:
Ashenzari
Cheibriados
Dithmenos
Fedhas
Gozag
Hepliaklqana
Kikubaaqudgha
Makhleb
Nemelex Xobeh
Okawaru
Qazlal
Ru
Sif Muna
Trog
Uskayaw
Vehumet
Wu Jian
Xom
Yredelemnul
Jiyva
Lugonu


Innate Abilities, Weirdness & Mutations

You have a pair of horns on your head.
A weak demonic guardian rushes to your aid.


Message History

The blink frog hits the spriggan!
The blink frog blinks!
Your cyclops zombie hits the swamp drake but does no damage.
Your Shields skill increases to level 8!
You puncture the tyrant leech!
The tyrant leech is lightly wounded.
The spriggan hits you with a +2 short sword of holy wrath!
You convulse!
* * * LOW HITPOINT WARNING * * *
The swamp drake bites your cyclops zombie!
The tyrant leech bites you.
* * * LOW HITPOINT WARNING * * *
The tyrant leech draws strength from your injuries!
Okay, then.
You feel much better. You block the blink frog's attack.
The blink frog hits you!
Your orc zombie closely misses the swamp drake.
The snapping turtle closely misses you.
The swamp drake bites your cyclops zombie.
The spriggan hits you with a +2 short sword of holy wrath.
You convulse.
* * * LOW HITPOINT WARNING * * *
The blink frog blinks!
The blink frog hits you.
* * * LOW HITPOINT WARNING * * *
The tyrant leech bites you!
* * * LOW HITPOINT WARNING * * *
A demonic guardian appears!
The tyrant leech draws strength from your injuries!
The blink frog blinks!
Okay, then.
Okay, then.
Okay, then.
Okay, then.
Okay, then.
You swap places.
The snapping turtle bites your cyclops zombie!
The blink frog hits you but does no damage.
The swamp drake bites your cyclops zombie!
The spriggan hits you with a +2 short sword of holy wrath!
You die...
Your body rises from the dead as a mindless zombie.

..##..#..#####.##
..##..#....##...#
..##..'.).Z.#...#
####..'.....'...+
####..'...Z.#...#
.[##..#...Z##Z..#
.[##..#..#####Z##
.)##..####.FW#Z######...
.)##..##...FFkw5@.....#
))##..#.....gtZFi...F##
######################


You could see a tyrant leech, a snapping turtle, a phantasmal warrior (ally
target), 5 blink frogs, a swamp drake (distracted, ally target), a spriggan, a
goblin, a friendly quasit (summoned), a friendly orc zombie and a friendly
cyclops zombie.

Vanquished Creatures
  Erolcha (D)
  A deep troll (D)
  Edmund (D)
  A floating eye (D)
  2 orc warriors (D)
  An ogre (D)
  A centaur (D)
  A phantom (D)
  A gnoll bouda (D)
  An iguana (D)
  An orc wizard (D)
  5 gnolls (D)
  A river rat (D)
  An ufetubus (D)
  An adder skeleton (D)
  2 worms (D)
  4 orcs (D)
  2 ball pythons (D)
  A goblin (D)
  3 jackals (D)
  2 frilled lizards (D)
  A kobold (D)
  A rat (D)
36 creatures vanquished.

Vanquished Creatures (collateral kills)
  A cyclops (D)
  An orc (D)
2 creatures vanquished.

Vanquished Creatures (others)
  A cane toad (D)
  A spectral floating eye (D)
  A centaur zombie (D)
  An ogre zombie (D)
  A human zombie (D)
  4 orc zombies (D)
  A worm zombie (D)
  3 gnoll zombies (D)
  A river rat zombie (D)
  2 jackal zombies (D)
  A kobold zombie (D)
  A rat zombie (D)
  A spectral ufetubus (D)
19 creatures vanquished.

Grand Total: 57 creatures vanquished

Notes
Turn   | Place    | Note
-------+----------+-------------------------------------------
     0 | D        | garrulousMonolith the Demonspawn Fighter began the quest
                  | for the Orb.
     0 | D        | Reached XP level 1. HP: 18/18 MP: 1/1
    24 | D        | Found a basalt altar of Yredelemnul.
    24 | D        | Found a shimmering altar of Xom.
    24 | D        | Found an ornate altar of the Wu Jian Council.
    24 | D        | Found a bloodstained altar of Trog.
    24 | D        | Found a shimmering blue altar of Sif Muna.
    24 | D        | Found a sacrificial altar of Ru.
    24 | D        | Found a stormy altar of Qazlal.
    24 | D        | Found an iron altar of Okawaru.
    24 | D        | Found a sparkling altar of Nemelex Xobeh.
    24 | D        | Found a burning altar of Makhleb.
    24 | D        | Found a viscous altar of Jiyva.
    24 | D        | Found a hazy altar of Hepliaklqana.
    24 | D        | Found an opulent altar of Gozag.
    24 | D        | Found a blossoming altar of Fedhas.
    24 | D        | Found a shadowy altar of Dithmenos.
    24 | D        | Found a snail-covered altar of Cheibriados.
    25 | D        | Found a radiant altar of Vehumet.
    25 | D        | Found a corrupted altar of Lugonu.
    26 | D        | Found a hide-covered altar of Uskayaw.
    26 | D        | Found an ancient bone altar of Kikubaaqudgha.
    26 | D        | Found a broken altar of Ashenzari.
    30 | D        | Became a worshipper of Yredelemnul the Dark
    61 | D        | Noticed a floating eye
    62 | D        | Paralysed by a floating eye for 3 turns
    67 | D        | Killed a floating eye
    67 | D        | Reached * piety under Yredelemnul
    68 | D        | Gained mutation: You have a pair of small horns on your
                  | head. [demonic ancestry]
    68 | D        | Reached XP level 2. HP: 26/26 MP: 1/4
    68 | D        | Reached XP level 3. HP: 31/31 MP: 1/5
    68 | D        | Reached XP level 4. HP: 38/38 MP: 1/6
   342 | D        | Noticed Edmund
   363 | D        | Killed Edmund
   364 | D        | Reached skill level 5 in Fighting
   364 | D        | Reached skill level 5 in Invocations
   364 | D        | Gained mutation: You have a pair of horns on your head.
                  | [demonic ancestry]
   364 | D        | Reached XP level 5. HP: 29/44 MP: 7/9
   692 | D        | Noticed a phantom
   697 | D        | Reached skill level 5 in Armour
   697 | D        | Reached skill level 5 in Shields
   709 | D        | Reached XP level 6. HP: 33/52 MP: 10/10
   716 | D        | Reached ** piety under Yredelemnul
   883 | D        | Noticed Erolcha
   894 | D        | Killed Erolcha
   895 | D        | Reached XP level 7. HP: 60/60 MP: 7/13
   895 | D        | Reached XP level 8. HP: 67/67 MP: 7/14
  1029 | D        | Noticed a deep troll
  1029 | D        | Noticed a cyclops
  1032 | D        | Your ally Erolcha died
  1054 | D        | Killed a deep troll
  1057 | D        | Reached skill level 10 in Polearms
  1059 | D        | Killed a cyclops
  1060 | D        | Reached *** piety under Yredelemnul
  1060 | D        | Reached skill level 10 in Invocations
  1060 | D        | Gained mutation: A weak demonic guardian rushes to your
                  | aid. [demonic ancestry]
  1060 | D        | Reached XP level 9. HP: 42/75 MP: 13/16
  1433 | D        | Reached **** piety under Yredelemnul
  1499 | D        | Noticed a phantasmal warrior
  1500 | D        | Noticed a tyrant leech
  1500 | D        | Noticed a cane toad
  1505 | D        | Your ally Edmund died
  1511 | D        | Killed a cane toad
  1513 | D        | HP: 3/75 [tyrant leech (12)]
  1514 | D        | Slain by a spriggan

Illustrated notes

Levels and vault maps discovered:
D:        pitsprint [storerooms_1, entrance_room_1, metal_vault_1, armoury_1,
          mini_pit_1, grid_room_1, main_hall_1, silver_pit, the_coven_2,
          the_vestibule_1, steel_vault_1, golden_pit, hallway_of_sentries,
          crystal_vault_1, iron_vault_2, final_vault]

Skill      XL: |  1  2  3  4  5  6  7  8  9 |
---------------+----------------------------+-----
Polearms       | 4 6 9 10 | 10.6
Fighting       | 4 5 7 8 |  8.6
Armour         | 4 5 6 7 |  7.9
Dodging        | 2 3 4 6 7 |  7.2
Shields        | 4 5 6 7 8 |  8.0
Invocations    | 3 5 8 10 | 10.3

Action                   |  1- 3 |  4- 6 |  7- 9 || total
-------------------------+-------+-------+-------++-------
Melee: Trident           |     5 |    72 |    50 ||   127
       Headbutt          |       |    13 |    14 ||    27
Invok: Recall Undead Har |       |     1 |     3 ||     4
       Dark Bargain      |       |     1 |       ||     1
  Use: Potion            |       |     8 |     5 ||    13
       Scroll            |       |       |     1 ||     1
 Stab: Invisible         |       |     3 |       ||     3
       Distracted        |       |       |     1 ||     1
Armor: Scale mail        |       |     5 |       ||     5
       Chain mail        |       |    11 |     7 ||    18
       Plate armour      |       |       |    13 ||    13
Dodge: Dodged            |       |    18 |    16 ||    34
Block: Buckler           |       |    11 |     9 ||    20

Table legend: (Time is in decaauts)
 A = Elapsed time spent in this place.
 B = Non-inter-level travel time spent in this place.
 C = Inter-level travel time spent in this place.
 D = Time resting spent in this place.
 E = Time spent auto-exploring this place.
 F = Levels seen in this place.
 G = Mean time per level.
                   A        B        C        D        E       F      G
               +--------+--------+--------+--------+--------+-----+--------+
         Total |   1523 |   1523 |      0 |   1023 |      0 |   1 | 1523.0 |
       Dungeon |   1523 |   1523 |      0 |   1023 |      0 |   1 | 1523.0 |
               +--------+--------+--------+--------+--------+-----+--------+

Top non-repeatable levels by time:
       D: 1523 daAuts
